 Dungeon Crawl Stone Soup version 0.28.0-1-gb440e238dd (webtiles) character file.

Game seed: 15669938691413612007

60 Hasart the Sneak (level 4, -10/24 HPs)
             Began as a Kobold Enchanter on Feb 19, 2022.
             Mangled by Crazy Yiuf (23 damage)
             ... on level 2 of the Dungeon.
             The game lasted 00:02:27 (2364 turns).

Hasart the Sneak (Kobold Enchanter)                 Turns: 2364, Time: 00:02:28

Health: -10/24     AC:  2    Str:  5    XL:     4   Next: 25%
Magic:  0/7        EV: 15    Int: 18    God:
Gold:   49         SH:  0    Dex: 15    Spells: 3/8 levels left

rFire   . . .      SeeInvis .   a - +1 dagger
rCold   . . .      Faith    .   (no shield)
rNeg    . . .      Spirit   .   b - +0 robe
rPois   .          Reflect  .   (no helmet)
rElec   .          Harm     .   (no cloak)
rCorr   .          Rampage  .   (no gloves)
Will    .....                   (no boots)
Stlth   ++++......              (no amulet)
HPRegen 0.08/turn               (no ring)
MPRegen 0.10/turn               (no ring)

@: confusing by touch
A: small, no large weapons, nightstalker 3
a: no special abilities


You were on level 2 of the Dungeon.
You visited 1 branch of the dungeon, and saw 2 of its levels.

You collected 129 gold pieces.
You spent 80 gold pieces at shops.

Inventory:

Hand Weapons
 a - a +1 dagger (weapon)
Armour
 b - a +0 robe (worn)
Scrolls
 d - a scroll of fog {unknown}
 i - a scroll of identify {unknown}
Potions
 c - a potion of invisibility
 e - a potion of mutation {unknown}
 f - a potion of flight {unknown}
 g - a potion of curing
 h - a potion of heal wounds


   Skills:
 * Level 3.0 Short Blades
 + Level 2.9 Dodging
 + Level 4.4 Stealth
 + Level 2.6 Spellcasting
 + Level 3.3 Hexes
 + Level 0.7 Ice Magic


You had 3 spell levels left.
You knew the following spells:

 Your Spells              Type           Power      Damage    Failure   Level
a - Ensorcelled Hibernat  Hex/Ice        18%        N/A       11%         2
b - Confusing Touch       Hex            14%        N/A       13%         3

Your spell library contained the following spells:

 Spells                   Type           Power      Damage    Failure   Level
 Tukima's Dance           Hex            14%        N/A       13%         3
 Animate Skeleton         Necr           4%         N/A       17%         1
 Apportation              Tloc           4%         N/A       17%         1
 Summon Small Mammal      Summ           8%         N/A       17%         1
 Dazzling Flash           Conj/Hex       16%        N/A       26%         3


Dungeon Overview and Level Annotations

Branches:
Dungeon (2/15)

Altars:

Shops:
D:2 !

Annotations:
D:2 Crazy Yiuf


Innate Abilities, Weirdness & Mutations

You are small and have problems with some larger weapons.
You are completely attuned to the shadows.


Message History

You hit the dart slug.
The dart slug is almost dead.
You hit the dart slug.
The dart slug is almost dead.
The dart slug barely misses you.
You hit the dart slug.
You kill the dart slug!
No target in view!
Found a runed translucent door.
Found a mace.
Crazy Yiuf shouts!
You see here 9 stones.
There is an open door here.
There is an open door here.
Crazy Yiuf shouts!
Crazy Yiuf laughs, "Rifle!
Castle snockshim bush."
Press: ? - help, v - describe, . - travel
Here: Crazy Yiuf, wielding a +4 quarterstaff of chaos and wearing a +2 cloak (fire blocked by a runed translucent door)
The floor.
Casting: Ensorcelled Hibernation (safe; 11% risk of failure)
Confirm with . or Enter, or press ? or * to list all spells.
Okay, then.
Casting: Ensorcelled Hibernation (safe; 11% risk of failure)
Confirm with . or Enter, or press ? or * to list all spells.
The spell is quite dangerous to miscast (13% risk of failure)!
Continue anyway?
Your hands begin to glow red.
You open the door.
Crazy Yiuf cries, "Scoff Orb Guardian eyeball!"
You closely miss Crazy Yiuf.
Crazy Yiuf drinks a potion.
Crazy Yiuf seems to grow stronger.
You hit Crazy Yiuf but do no damage.
Crazy Yiuf yells, "Mountain!
Snurf stair fast."
Crazy Yiuf misses you.
You hit Crazy Yiuf but do no damage.
Crazy Yiuf hits you with a +4 quarterstaff of chaos!
You feel your power leaking away.
You closely miss Crazy Yiuf.
Crazy Yiuf hits you with a +4 quarterstaff of chaos!!
Ouch! That really hurt!
You die...

#.##....# #.##..#
#.#.....# #†##..#
#.......# #.....#
#####.### #######
#.# #.###♣♣♣♣♣
##'#....♣.♣♣♣ ##
##........♣..♣#...
##........♣♣♣♣@g...
###........♣♣
♣♣#..) ........##♣♣
## ........#
#.....(.#
#.#.....## ###
#.##.....# #.#
#.###...## #.# #.#
##'## #.#


You could see Crazy Yiuf (strong).

Vanquished Creatures
  An adder (D:2)
  A worm (D:2)
  3 dart slugs
  3 ball pythons
  6 endoplasms
  2 giant cockroaches
  2 goblins (D:2)
  3 hobgoblins
  4 jackals (D:1)
  3 kobolds
  2 quokkas (D:1)
  2 bats (D:2)
  A frilled lizard (D:1)
  4 rats (D:1)
37 creatures vanquished.

Notes
Turn   | Place    | Note
-------+----------+-------------------------------------------
     0 | D:1      | Hasart the Kobold Enchanter began the quest for the Orb.
     0 | D:1      | Reached XP level 1. HP: 10/10 MP: 3/3
   168 | D:1      | Reached XP level 2. HP: 15/15 MP: 5/5
   358 | D:1      | Learned a level 2 spell: Ensorcelled Hibernation
   542 | D:1      | Reached XP level 3. HP: 12/19 MP: 6/6
  1027 | D:1      | Learned a level 3 spell: Confusing Touch
  1342 | D:2      | Found Zueroq's Distillery.
  1347 | D:2      | Bought a potion of curing for 30 gold pieces
  1347 | D:2      | Bought a potion of heal wounds for 50 gold pieces
  1615 | D:2      | Reached XP level 4. HP: 24/24 MP: 7/7
  1986 | D:2      | Found a faded altar of an unknown god.
  2268 | D:2      | Found a runed translucent door.
  2271 | D:2      | Noticed Crazy Yiuf
  2364 | D:2      | Mangled by Crazy Yiuf

Illustrated notes

Levels and vault maps discovered:
D:1:      eino_arrival_cavern_a, layout_loops_ring
D:2:      layout_loops_corners, chequers_ecumenical_altar_simple, serial_shops,
          shop, uniq_crazy_yiuf_cottage

Skill      XL: |  1  2  3  4 |
---------------+-------------+-----
Short Blades   | 2 3 |  3.0
Dodging        | |  2.9
Stealth        | |  4.4
Spellcasting   | |  2.6
Hexes          | |  3.3
Ice Magic      | |  0.7

Action                   |  1- 3 |  4- 6 || total
-------------------------+-------+-------++-------
Melee: Dagger            |    60 |    26 ||    86
 Cast: Ensorcelled Hiber |     4 |     1 ||     5
       Confusing Touch   |       |     1 ||     1
 Stab: Sleeping          |    24 |     5 ||    29
Armor: Robe              |     3 |     1 ||     4
Dodge: Dodged            |    31 |     8 ||    39
